TOP OF THE 1ST |
Dublin Jerome HS Celtics batting - Pitching for Coweta HS Tigers : RHP Jesús Medina
|
Pitching: RHP Jesús Medina
|
|
Batting: LHB Bill Bryan
|
0-0: Ball 1-0: Swinging Strike 1-1: SOLO HOME RUN (Flyball, 7LD), Distance : 358 ft
|
Batting: LHB Patrick Ferguson
|
0-0: Called Strike 0-1: Ball 1-1: Swinging Strike 1-2: Strikes out looking
|
Batting: LHB Paul Holcomb
|
0-0: Fly out, F8 (Flyball, 8RM)
|
Batting: SHB Ricky Edwards
|
0-0: Called Strike 0-1: Reached on error, E6 (Groundball, 6M)
|
Batting: RHB Dylan Warren
|
0-0: Called Strike 0-1: Ball 1-1: Swinging Strike 1-2: Ball 2-2: Foul Ball, location: 2F 2-2: Ball 3-2: Foul Ball, location: 2F 3-2: Foul Ball, location: 2F 3-2: SINGLE (Line Drive, 7S) Ricky Edwards to third Ricky Edwards scores
|
Batting: RHB Deron McClendon
|
0-0: Called Strike 0-1: Ball 1-1: Called Strike 1-2: Ball 2-2: Strikes out swinging
|
Top of the 1st over - 2 run(s), 2 hit(s), 1 error(s), 1 left on base; Dublin Jerome HS 2 - Coweta HS 0 |
BOTTOM OF THE 1ST |
Coweta HS Tigers batting - Pitching for Dublin Jerome HS Celtics : LHP Pat Kirby
|
Pitching: LHP Pat Kirby
|
|
Batting: RHB Ramiro Javier
|
0-0: Foul Ball, location: 2F 0-1: Fly out, F9 (Popup, 9S)
|
Batting: RHB Brian Andrews
|
0-0: Ground out 6-3 (Groundball, 6)
|
Batting: RHB José Cisneros
|
0-0: Fly out, F7 (Flyball, 78M)
|
Bottom of the 1st over - 0 run(s), 0 hit(s), 0 error(s), 0 left on base; Dublin Jerome HS 2 - Coweta HS 0 |
TOP OF THE 2ND |
Dublin Jerome HS Celtics batting - Pitching for Coweta HS Tigers : RHP Jesús Medina
|
Batting: LHB Ángel Santos
|
0-0: SINGLE (Groundball, 56D)
|
Batting: RHB David Silva
|
0-0: Ball 1-0: Ball 2-0: Foul Ball, location: 2F 2-1: Fly out, F4 (Popup, 4D)
|
Batting: RHB Norm Gunn
|
0-0: Grounds into double play, 4-6-3 (Groundball, 4)
|
Top of the 2nd over - 0 run(s), 1 hit(s), 0 error(s), 0 left on base; Dublin Jerome HS 2 - Coweta HS 0 |
BOTTOM OF THE 2ND |
Coweta HS Tigers batting - Pitching for Dublin Jerome HS Celtics : LHP Pat Kirby
|
Batting: RHB Héctor Vázquez
|
0-0: Called Strike 0-1: Ball 1-1: Swinging Strike 1-2: Ball 2-2: Strikes out swinging
|
Batting: LHB Jim Clemente
|
0-0: Ball 1-0: Called Strike 1-1: Ball 2-1: Fly out, F7 (Flyball, 7M)
|
Batting: RHB Ben Johnson
|
0-0: Ball 1-0: Ball 2-0: Ground out 2-3 (Groundball, 25)
|
Bottom of the 2nd over - 0 run(s), 0 hit(s), 0 error(s), 0 left on base; Dublin Jerome HS 2 - Coweta HS 0 |
TOP OF THE 3RD |
Dublin Jerome HS Celtics batting - Pitching for Coweta HS Tigers : RHP Jesús Medina
|
Batting: LHB Bill Bryan
|
0-0: Ball 1-0: Called Strike 1-1: Called Strike 1-2: Strikes out swinging
|
Batting: LHB Patrick Ferguson
|
0-0: Ball 1-0: Ball 2-0: Called Strike 2-1: Ball 3-1: Called Strike 3-2: Base on Balls
|
Batting: LHB Paul Holcomb
|
0-0: Ball 1-0: Ball 2-0: Called Strike 2-1: Foul Ball, location: 2F 2-2: SINGLE (Groundball, 34D) Patrick Ferguson to second Runner from 2nd tries for 3rd, SAFE, throw made to third
|
Batting: SHB Ricky Edwards
|
0-0: Fly out, F7 (Flyball, 7M)
|
Batting: RHB Dylan Warren
|
0-0: Called Strike 0-1: Swinging Strike 0-2: Foul Ball, location: 2F 0-2: SINGLE (Flyball, 9LM) Patrick Ferguson scores Paul Holcomb to second Runner from 2nd tries for 3rd, SAFE, no throw or cutoff
|
Batting: RHB Deron McClendon
|
0-0: Ball 1-0: Ball 2-0: Called Strike 2-1: Ground out 5-3 (Groundball, 5S)
|
Top of the 3rd over - 1 run(s), 2 hit(s), 0 error(s), 2 left on base; Dublin Jerome HS 3 - Coweta HS 0 |
BOTTOM OF THE 3RD |
Coweta HS Tigers batting - Pitching for Dublin Jerome HS Celtics : LHP Pat Kirby
|
Batting: RHB Phil Shaw
|
0-0: Swinging Strike 0-1: Foul Ball, location: 2F 0-2: Ball 1-2: Ball 2-2: Fly out, F8 (Flyball, 8RM)
|
Batting: RHB Jon Waller
|
0-0: Fly out, F4 (Popup, 4MS)
|
Batting: SHB Jessie Teague
|
0-0: Called Strike 0-1: Called Strike 0-2: Ball 1-2: Foul Ball, location: 2F 1-2: Ground out 5-3 (Groundball, 5)
|
Bottom of the 3rd over - 0 run(s), 0 hit(s), 0 error(s), 0 left on base; Dublin Jerome HS 3 - Coweta HS 0 |
TOP OF THE 4TH |
Dublin Jerome HS Celtics batting - Pitching for Coweta HS Tigers : RHP Jesús Medina
|
Batting: LHB Ángel Santos
|
0-0: Ball 1-0: Ball 2-0: Called Strike 2-1: Ball 3-1: Base on Balls
|
Batting: RHB David Silva
|
0-0: Ball 1-0: Ball 2-0: DOUBLE (Flyball, 9M) Ángel Santos to third
|
Batting: RHB Norm Gunn
|
0-0: Foul Ball, location: 2F 0-1: DOUBLE (Line Drive, 89M) Ángel Santos scores David Silva scores
|
Batting: LHB Bill Bryan
|
0-0: Ball 1-0: Called Strike 1-1: Foul Ball, location: 2F 1-2: Ball 2-2: Ball 3-2: Foul Ball, location: 2F 3-2: Base on Balls
|
Batting: LHB Patrick Ferguson
|
0-0: Foul Ball, location: 2F 0-1: Ball 1-1: Foul Ball, location: 2F 1-2: SINGLE (Line Drive, 78S) Norm Gunn to third Bill Bryan to second Runner from 3rd tries for Home, throw and OUT!
|
Batting: LHB Paul Holcomb
|
0-0: Called Strike 0-1: Ball 1-1: Called Strike Bill Bryan is caught stealing 3rd base Patrick Ferguson to second 1-2: Foul Ball, location: 2F 1-2: Ball 2-2: Foul Ball, location: 2F 2-2: Foul Ball, location: 2F 2-2: Ball 3-2: SINGLE (Line Drive, 8LS) Patrick Ferguson to third Patrick Ferguson scores
|
Pitching: LHP Manuel Velasco
|
|
Batting: SHB Ricky Edwards
|
0-0: Ball 1-0: Called Strike 1-1: Foul Ball, location: 2F 1-2: Fly out, F6 (Popup, 6D)
|
Top of the 4th over - 3 run(s), 4 hit(s), 0 error(s), 1 left on base; Dublin Jerome HS 6 - Coweta HS 0 |
BOTTOM OF THE 4TH |
Coweta HS Tigers batting - Pitching for Dublin Jerome HS Celtics : LHP Pat Kirby
|
Batting: RHB Ramiro Javier
|
0-0: Ground out U3 (Groundball, 3S)
|
Batting: RHB Brian Andrews
|
0-0: Foul Ball, location: 2F 0-1: Swinging Strike 0-2: Foul Ball, location: 2F 0-2: Ball 1-2: Ground out 5-3 (Groundball, 56)
|
Batting: RHB José Cisneros
|
0-0: Ball 1-0: Ball 2-0: SINGLE (Groundball, 6MD)
|
Batting: RHB Héctor Vázquez
|
0-0: Called Strike 0-1: Ball 1-1: Ball 2-1: Ball 3-1: Base on Balls José Cisneros to second
|
Batting: LHB Jim Clemente
|
0-0: Ball 1-0: Ball 2-0: Foul Ball, location: 2F 2-1: Foul Ball, location: 2F 2-2: Fly out, F7 (Flyball, 7M)
|
Bottom of the 4th over - 0 run(s), 1 hit(s), 0 error(s), 2 left on base; Dublin Jerome HS 6 - Coweta HS 0 |
TOP OF THE 5TH |
Dublin Jerome HS Celtics batting - Pitching for Coweta HS Tigers : LHP Manuel Velasco
|
Batting: RHB Dylan Warren
|
0-0: Ball 1-0: Ball 2-0: Ball 3-0: Called Strike 3-1: Foul Ball, location: 2F 3-2: Base on Balls
|
Batting: RHB Deron McClendon
|
0-0: Ball 1-0: Called Strike 1-1: Ball 2-1: Swinging Strike 2-2: Strikes out looking
|
Batting: LHB Ángel Santos
|
0-0: Ball Dylan Warren steals 2nd base 1-0: Ball 2-0: Foul Ball, location: 2F 2-1: Ball 3-1: Base on Balls
|
Batting: RHB David Silva
|
0-0: Ball 1-0: Ground out 4-3 (Groundball, 4M) Dylan Warren to third Ángel Santos to second
|
Batting: RHB Norm Gunn
|
0-0: Ball 1-0: Called Strike 1-1: Ball 2-1: Ball 3-1: Called Strike 3-2: Strikes out looking
|
Top of the 5th over - 0 run(s), 0 hit(s), 0 error(s), 2 left on base; Dublin Jerome HS 6 - Coweta HS 0 |
BOTTOM OF THE 5TH |
Coweta HS Tigers batting - Pitching for Dublin Jerome HS Celtics : LHP Pat Kirby
|
Batting: RHB Ben Johnson
|
0-0: Called Strike 0-1: Ball 1-1: Foul Ball, location: 2F 1-2: Ball 2-2: Foul Ball, location: 2F 2-2: Ground out 6-3 (Groundball, 6)
|
Batting: RHB Phil Shaw
|
0-0: Called Strike 0-1: Called Strike 0-2: Ball 1-2: Foul Ball, location: 2F 1-2: Foul Ball, location: 2F 1-2: Strikes out swinging
|
Batting: RHB Jon Waller
|
0-0: Ball 1-0: Foul Ball, location: 2F 1-1: Ball 2-1: Ball 3-1: SINGLE (Line Drive, 34D)
|
Batting: SHB Jessie Teague
|
0-0: Called Strike 0-1: Ball 1-1: Fly out, F7 (Flyball, 7M)
|
Bottom of the 5th over - 0 run(s), 1 hit(s), 0 error(s), 1 left on base; Dublin Jerome HS 6 - Coweta HS 0 |
TOP OF THE 6TH |
Dublin Jerome HS Celtics batting - Pitching for Coweta HS Tigers : LHP Manuel Velasco
|
Batting: LHB Bill Bryan
|
0-0: Ball 1-0: Foul Ball, location: 2F 1-1: Ball 2-1: Foul Ball, location: 2F 2-2: Ball 3-2: Foul Ball, location: 2F 3-2: Foul Ball, location: 2F 3-2: Ground out 6-3 (Groundball, 6M)
|
Batting: LHB Patrick Ferguson
|
0-0: Called Strike 0-1: Called Strike 0-2: Ball 1-2: Strikes out swinging
|
Batting: LHB Paul Holcomb
|
0-0: Called Strike 0-1: Ball 1-1: Called Strike 1-2: Foul Ball, location: 2F 1-2: Ball 2-2: Foul Ball, location: 2F 2-2: Ball 3-2: Base on Balls
|
Batting: SHB Ricky Edwards
|
0-0: Ball 1-0: Ball 2-0: Ball 3-0: Base on Balls Paul Holcomb to second
|
Batting: RHB Dylan Warren
|
0-0: Called Strike 0-1: Foul Ball, location: 2F 0-2: SINGLE (Line Drive, 7LS) Paul Holcomb to third Ricky Edwards to second Runner from 3rd tries for Home, SAFE, no throw or cutoff
|
Batting: RHB Deron McClendon
|
0-0: Called Strike 0-1: Swinging Strike 0-2: Strikes out looking
|
Top of the 6th over - 1 run(s), 1 hit(s), 0 error(s), 2 left on base; Dublin Jerome HS 7 - Coweta HS 0 |
BOTTOM OF THE 6TH |
Coweta HS Tigers batting - Pitching for Dublin Jerome HS Celtics : LHP Pat Kirby
|
Batting: RHB Ramiro Javier
|
0-0: Ground out 4-3 (Groundball, 4)
|
Batting: RHB Brian Andrews
|
0-0: Reached on error, E3 (Groundball, 34)
|
Batting: RHB José Cisneros
|
0-0: Called Strike 0-1: Ball 1-1: Foul Ball, location: 2F 1-2: Foul Ball, location: 2F 1-2: Foul Ball, location: 2F 1-2: SINGLE (Groundball, 5D) Brian Andrews to second
|
Batting: RHB Héctor Vázquez
|
0-0: Called Strike 0-1: Grounds into double play, 6-4-3 (Groundball, 6)
|
Bottom of the 6th over - 0 run(s), 1 hit(s), 1 error(s), 1 left on base; Dublin Jerome HS 7 - Coweta HS 0 |
TOP OF THE 7TH |
Dublin Jerome HS Celtics batting - Pitching for Coweta HS Tigers : LHP Manuel Velasco
|
Pitching: RHP Jack Dorsey
|
|
Batting: LHB Ángel Santos
|
0-0: Ball 1-0: Ball 2-0: Ball 3-0: Called Strike 3-1: Base on Balls
|
Batting: RHB David Silva
|
0-0: Ball 1-0: Ball 2-0: Bunted foul 2-1: Sac Bunt - play at second, runner safe!
|
Batting: RHB Norm Gunn
|
0-0: Swinging Strike 0-1: Foul Ball, location: 2F 0-2: Ball 1-2: Strikes out swinging
|
Batting: LHB Bill Bryan
|
0-0: Called Strike 0-1: Fly out, F6 (Popup, 6MS)
|
Batting: LHB Patrick Ferguson
|
0-0: Ball 1-0: Ball 2-0: Called Strike 2-1: Ball 3-1: Foul Ball, location: 2F 3-2: Fly out, F7 (Flyball, 78D)
|
Top of the 7th over - 0 run(s), 0 hit(s), 0 error(s), 2 left on base; Dublin Jerome HS 7 - Coweta HS 0 |
BOTTOM OF THE 7TH |
Coweta HS Tigers batting - Pitching for Dublin Jerome HS Celtics : LHP Pat Kirby
|
Batting: LHB Jim Clemente
|
0-0: Called Strike 0-1: SINGLE (Groundball, 34D)
|
Batting: RHB Ben Johnson
|
0-0: Called Strike 0-1: Fly out, F2 (Popup, 2RF)
|
Pitching: LHP António González
|
|
Batting: RHB Phil Shaw
|
0-0: Ball 1-0: Called Strike 1-1: Swinging Strike 1-2: Ball 2-2: Ball 3-2: Base on Balls Jim Clemente to second
|
Batting: RHB Jon Waller
|
0-0: Ball 1-0: Called Strike 1-1: Swinging Strike 1-2: Ball 2-2: Fly out, F8 (Flyball, 8LM)
|
Batting: SHB Jessie Teague
|
0-0: Ball 1-0: Foul Ball, location: 2F 1-1: Foul Ball, location: 2F 1-2: Ball 2-2: Strikes out swinging
|
Bottom of the 7th over - 0 run(s), 1 hit(s), 0 error(s), 2 left on base; Dublin Jerome HS 7 - Coweta HS 0 |
TOP OF THE 8TH |
Dublin Jerome HS Celtics batting - Pitching for Coweta HS Tigers : RHP Jack Dorsey
|
Batting: LHB Paul Holcomb
|
0-0: Called Strike 0-1: Ball 1-1: Ground out 6-3 (Groundball, 6)
|
Batting: SHB Ricky Edwards
|
0-0: Ball 1-0: Foul Ball, location: 2F 1-1: Ball 2-1: Called Strike 2-2: Ball 3-2: Foul Ball, location: 2F 3-2: Foul Ball, location: 2F 3-2: Base on Balls
|
Batting: RHB Dylan Warren
|
0-0: Ball 1-0: Ball 2-0: Ground out 5-3 (Groundball, 56S) Ricky Edwards to second
|
Batting: RHB Deron McClendon
|
0-0: Called Strike 0-1: Foul Ball, location: 2F 0-2: Foul Ball, location: 2F 0-2: Foul Ball, location: 2F 0-2: Foul Ball, location: 2F 0-2: Ground out U3 (Groundball, 3S)
|
Top of the 8th over - 0 run(s), 0 hit(s), 0 error(s), 1 left on base; Dublin Jerome HS 7 - Coweta HS 0 |
BOTTOM OF THE 8TH |
Coweta HS Tigers batting - Pitching for Dublin Jerome HS Celtics : LHP António González
|
Now in RF: Luis Árias
|
|
Batting: RHB Ramiro Javier
|
0-0: Called Strike 0-1: Ball 1-1: SINGLE (Line Drive, 56D)
|
Batting: RHB Brian Andrews
|
0-0: Ball 1-0: Foul Ball, location: 2F 1-1: Ball 2-1: SINGLE (Line Drive, 78S) Ramiro Javier to second
|
Batting: RHB José Cisneros
|
0-0: Ball 1-0: Foul Ball, location: 2F 1-1: Swinging Strike 1-2: Ball 2-2: Ball 3-2: Strikes out swinging
|
Batting: RHB Héctor Vázquez
|
0-0: Ball 1-0: Foul Ball, location: 2F 1-1: Fly out, F2 (Popup, 23)
|
Batting: LHB Jim Clemente
|
0-0: Called Strike 0-1: Ball 1-1: Fielders Choice at 2nd, U6 (Groundball, 6M)
|
Bottom of the 8th over - 0 run(s), 2 hit(s), 0 error(s), 2 left on base; Dublin Jerome HS 7 - Coweta HS 0 |
TOP OF THE 9TH |
Dublin Jerome HS Celtics batting - Pitching for Coweta HS Tigers : RHP Jack Dorsey
|
Batting: LHB Ángel Santos
|
0-0: Called Strike 0-1: Ball 1-1: Foul Ball, location: 2F 1-2: SINGLE (Groundball, 25) (infield hit)
|
Batting: RHB David Silva
|
0-0: Bunted foul 0-1: Bunt missed! 0-2: Ball 1-2: Foul Ball, location: 2F 1-2: Fly out, F5 (Line Drive, 56)
|
Batting: RHB Norm Gunn
|
0-0: Ball 1-0: Ball 2-0: Foul Ball, location: 2F 2-1: Foul Ball, location: 2F 2-2: Strikes out swinging
|
Batting: LHB Bill Bryan
|
0-0: SINGLE (Groundball, 34D) (infield hit) Ángel Santos to second
|
Batting: LHB Patrick Ferguson
|
0-0: Called Strike 0-1: Foul Ball, location: 2F 0-2: Foul Ball, location: 2F 0-2: Strikes out swinging
|
Top of the 9th over - 0 run(s), 2 hit(s), 0 error(s), 2 left on base; Dublin Jerome HS 7 - Coweta HS 0 |
BOTTOM OF THE 9TH |
Coweta HS Tigers batting - Pitching for Dublin Jerome HS Celtics : LHP António González
|
Now at C: Stan Crosby
|
|
Batting: RHB Ben Johnson
|
0-0: Swinging Strike 0-1: Ball 1-1: Foul Ball, location: 2F 1-2: Ball 2-2: Fly out, F7 (Flyball, 7M)
|
Batting: RHB Phil Shaw
|
0-0: Ball 1-0: Ball 2-0: Foul Ball, location: 2F 2-1: Foul Ball, location: 2F 2-2: Ball 3-2: Foul Ball, location: 2F 3-2: Foul Ball, location: 2F 3-2: SINGLE (Popup, 89S)
|
Batting: RHB Jon Waller
|
0-0: Ball 1-0: Ball 2-0: SINGLE (Groundball, 25) (infield hit) Phil Shaw to second
|
Pitching: RHP Miguel Muńóz
|
|
Batting: SHB Jessie Teague
|
0-0: Ball 1-0: Ball 2-0: Swinging Strike 2-1: Fly out, F6 (Line Drive, 6)
|
Batting: RHB Ramiro Javier
|
0-0: Foul Ball, location: 2F 0-1: SINGLE (Flyball, 9LS) Phil Shaw to third Jon Waller to second Runner from 3rd tries for Home, throw and OUT!
|
Bottom of the 9th over - 0 run(s), 3 hit(s), 0 error(s), 2 left on base; Dublin Jerome HS 7 - Coweta HS 0 |
|